 Dungeon Sprint DCSS version 0.28-a0-239-g68911e0c57 (webtiles) character file.

Game seed: 13889185643524697885

3616 MikeHunt the Severer (level 9, -4/73 HPs)
             Began as a Demonspawn Gladiator on Aug 23, 2021.
             Was a High Priest of Okawaru.
             Slain by a tyrant leech (21 damage)
             ... in the Dungeon (Sprint VII: "The Pits").
             The game lasted 00:04:10 (2167 turns).

MikeHunt the Severer (Demonspawn Gladiator)         Turns: 2167, Time: 00:04:11

Health: -4/73      AC: 21    Str: 17    XL:     9   Next: 86%
Magic:  11/18      EV: 10    Int: 10    God:    Okawaru [*****.]
Gold:   0          SH:  0    Dex: 15    Spells: 8/8 levels left

rFire   . . .      SeeInvis .   r - +1 broad axe "Memp" {venom, rC+}
rCold   + . .      Faith    .   (no shield)
rNeg    . . .      Spirit   .   q - +3 plate armour
rPois   .          Reflect  .   c - +0 helmet
rElec   .          Harm     .   (no cloak)
rCorr   .          Rampage  .   p - +0 pair of gloves
Will    .....      NoTele   +   (boots unavailable)
Stlth   ..........              (no amulet)
HPRegen 0.22/turn               (no ring)
MPRegen 0.16/turn               (no ring)

@: heroic, finesse-ful
A: talons 3, rugged brown scales 1, (demonic guardian 1)
a: Renounce Religion, Heroism, Finesse, Duel


You were in the Dungeon.
You worshipped Okawaru.
Okawaru was extremely pleased with you.
You visited 1 branch

Inventory:

Hand Weapons
 a - a +0 war axe
 r - the +1 broad axe "Memp" (weapon) {venom, rC+}
   (You found it in the Dungeon)

   It poisons the flesh of those it strikes.
   rC:        It protects you from cold.
Missiles
 d - a throwing net (quivered)
Armour
 b - a +0 leather armour
 c - a +0 helmet (worn)
 l - a +3 scale mail
 p - a +0 pair of gloves (worn)
 q - a +3 plate armour (worn)
Jewellery
 i - a +3 ring of strength
 m - a +3 ring of strength
Scrolls
 j - a scroll of blinking
Potions
 e - 6 potions of curing
 f - 15 potions of heal wounds
 g - a potion of haste
 h - 4 potions of magic
 k - 2 potions of invisibility
 n - a potion of resistance
 o - 2 potions of mutation


   Skills:
 + Level 6.8(11.8) Fighting
 + Level 15.5(20.5) Axes
 - Level 1.7(6.7) Throwing
 + Level 5.8(10.8) Armour
 + Level 6.5(11.5) Dodging
 - Level 12.6 Invocations


You had 8 spell levels left.
You didn't know any spells.
Your spell library was empty.

Dungeon Overview and Level Annotations

Branches:
Dungeon (1/1)

Altars:
Ashenzari
Cheibriados
Dithmenos
Elyvilon
Fedhas
Gozag
Hepliaklqana
Kikubaaqudgha
Makhleb
Nemelex Xobeh
Okawaru
Qazlal
Ru
Sif Muna
Trog
Uskayaw
Vehumet
Wu Jian
Xom
Yredelemnul
Zin
The Shining One
Beogh
Jiyva
Lugonu


Innate Abilities, Weirdness & Mutations

You have claws for feet.
You are partially covered in rugged brown scales. (AC +1, +3% HP)
((A weak demonic guardian rushes to your aid.))


Message History

Okay, then.
Unknown command.
You open the door.
A tyrant leech and a blink frog come into view.
You slice the blink frog!!
The blink frog is heavily wounded.
You hear a croak.
A blink frog comes into view.
You hear a loud, deep croak!
You hit the blink frog.
The blink frog is poisoned.
The blink frog is severely wounded.
You closely miss the tyrant leech.
You hear a croak.
The blink frog hits you but does no damage.
You hear a screech!
You miss the blink frog.
The blink frog is severely wounded.
Your plate armour prevents you from hitting the tyrant leech.
The blink frog hits you but does no damage.
The tyrant leech bites you but does no damage.
You miss the blink frog.
The blink frog is almost dead.
You closely miss the tyrant leech.
The blink frog blinks!
A blink frog comes into view.
The tyrant leech bites you!!
The tyrant leech draws strength from your injuries!
You miss the tyrant leech.
The blink frog blinks!
You closely miss the tyrant leech. The tyrant leech bites you!!
The tyrant leech draws strength from your injuries!
The blink frog blinks!
You gain the combat prowess of a mighty hero.
An orange demon comes into view.
The tyrant leech bites you but does no damage.
The orange demon stings you but does no damage.
You can now deal lightning-fast blows.
The blink frog hits you!
* * * LOW HITPOINT WARNING * * *
A blink frog comes into view.
The tyrant leech bites you!!
You die...

....##''#########
....##......#...+
....##....###...#
<...##...##.+...+
....##..##..##'## ##
....##..#..##..)##..+
....##.÷#..#.....#..#
######÷.'..'†...FwF.+
######÷÷#..#....@#
....##..#..##...##
..[[##..##..##4## Y
..))##...##.+.F.+


YD. ..))##....###...###...# ..).##......#...+....# ###################### You
could see a tyrant leech, an orange demon and 3 blink frogs.

Vanquished Creatures
  A boulder beetle (D)
  A deep elf pyromancer (D)
  A rime drake (D)
  A guardian mummy (D)
  A jumping spider (D)
  A wyvern (D)
  A redback (D)
  3 yaks (D)
  A fire bat (D)
  A floating eye (D)
  An ice beast (D)
  6 wolves (D)
  A phantom (D)
  A bullfrog (D)
  2 orc priests (D)
  2 jellies (D)
  An iguana (D)
  An adder (D)
  A gnoll (D)
  2 river rats (D)
  An ufetubus (D)
  An adder zombie (D)
  An adder skeleton (D)
  2 orcs (D)
  2 bats (D)
  2 endoplasms (D)
  A giant cockroach (D)
  2 goblins (D)
  2 hobgoblins (D)
  A giant cockroach zombie (D)
  A quokka skeleton (D)
46 creatures vanquished.

Notes
Turn   | Place    | Note
-------+----------+-------------------------------------------
     0 | D        | MikeHunt the Demonspawn Gladiator began the quest for the
                  | Orb.
     0 | D        | Reached XP level 1. HP: 16/16 MP: 1/1
    13 | D        | Reached skill level 3 in Axes
    17 | D        | Found a bloodstained altar of Trog.
    17 | D        | Found a shimmering blue altar of Sif Muna.
    17 | D        | Found a viscous altar of Jiyva.
    17 | D        | Found a hazy altar of Hepliaklqana.
    17 | D        | Found an opulent altar of Gozag.
    18 | D        | Found a basalt altar of Yredelemnul.
    18 | D        | Found a shimmering altar of Xom.
    18 | D        | Found an ornate altar of the Wu Jian Council.
    18 | D        | Found a sacrificial altar of Ru.
    18 | D        | Found a stormy altar of Qazlal.
    18 | D        | Found an iron altar of Okawaru.
    18 | D        | Found a sparkling altar of Nemelex Xobeh.
    18 | D        | Found a burning altar of Makhleb.
    18 | D        | Found a blossoming altar of Fedhas.
    18 | D        | Found a shadowy altar of Dithmenos.
    18 | D        | Found a snail-covered altar of Cheibriados.
    19 | D        | Found a radiant altar of Vehumet.
    19 | D        | Found a corrupted altar of Lugonu.
    20 | D        | Found a hide-covered altar of Uskayaw.
    20 | D        | Found an ancient bone altar of Kikubaaqudgha.
    20 | D        | Found a broken altar of Ashenzari.
    24 | D        | Became a worshipper of Warmaster Okawaru
    52 | D        | Reached skill level 5 in Axes
    52 | D        | Gained mutation: You have sharp toenails. [demonic
                  | ancestry]
    52 | D        | Reached XP level 2. HP: 13/22 MP: 2/2
   255 | D        | Reached skill level 6 in Axes
   255 | D        | Gained mutation: A weak demonic guardian rushes to your
                  | aid. [demonic ancestry]
   255 | D        | Reached XP level 3. HP: 27/27 MP: 3/3
   257 | D        | Reached skill level 7 in Axes
   263 | D        | Reached skill level 8 in Axes
   263 | D        | Reached XP level 4. HP: 33/33 MP: 4/4
   330 | D        | Reached * piety under Okawaru
   331 | D        | Reached skill level 9 in Axes
   333 | D        | Reached XP level 5. HP: 16/38 MP: 5/5
   336 | D        | Reached skill level 10 in Axes
   557 | D        | Noticed a fire bat
   731 | D        | Noticed a wyvern
   735 | D        | Killed a wyvern
   736 | D        | Reached skill level 12 in Axes
   736 | D        | Gained mutation: You have razor-sharp toenails. [demonic
                  | ancestry]
   736 | D        | Reached XP level 6. HP: 13/44 MP: 6/6
   957 | D        | Noticed a floating eye
   960 | D        | Killed a floating eye
   961 | D        | Reached skill level 5 in Invocations
  1217 | D        | Noticed an ice beast
  1217 | D        | Noticed a boulder beetle
  1230 | D        | Killed an ice beast
  1231 | D        | Reached XP level 7. HP: 50/50 MP: 9/12
  1253 | D        | Killed a boulder beetle
  1253 | D        | Reached ** piety under Okawaru
  1253 | D        | Reached *** piety under Okawaru
  1254 | D        | Reached skill level 14 in Axes
  1254 | D        | Gained mutation: You have claws for feet. [demonic
                  | ancestry]
  1254 | D        | Reached XP level 8. HP: 21/56 MP: 12/16
  1493 | D        | Got the +1 broad axe "Memp" {venom, rC+}
  1512 | D        | Reached **** piety under Okawaru
  1548 | D        | Noticed a jumping spider
  1566 | D        | Killed a jumping spider
  1585 | D        | Reached skill level 1 in Armour
  1589 | D        | Gained mutation: You are partially covered in rugged brown
                  | scales. (AC +1, +3% HP) [demonic ancestry]
  1589 | D        | Reached XP level 9. HP: 27/66 MP: 15/18
  1747 | D        | Noticed a guardian mummy
  1749 | D        | Reached skill level 15 in Axes
  1754 | D        | Reached ***** piety under Okawaru
  1757 | D        | Reached skill level 5 in Fighting
  1757 | D        | Reached skill level 5 in Dodging
  1762 | D        | Killed a guardian mummy
  1983 | D        | Noticed a deep elf pyromancer
  1995 | D        | Killed a deep elf pyromancer
  1996 | D        | Reached skill level 5 in Armour
  2001 | D        | Noticed a rime drake
  2005 | D        | Killed a rime drake
  2150 | D        | Noticed a seven-headed hydra
  2159 | D        | Noticed a tyrant leech
  2166 | D        | Noticed an orange demon
  2167 | D        | Slain by a tyrant leech

Illustrated notes

Levels and vault maps discovered:
D:        pitsprint [storerooms_1, entrance_room_1, metal_vault_6, armoury_2,
          mini_pit_1, grid_room_1, main_hall_1, silver_pit, the_coven_1,
          the_vestibule_1, steel_vault_4, golden_pit, hallway_of_sentries,
          crystal_vault_1, iron_vault_2, final_vault]

Skill      XL: |  1  2  3  4  5  6  7  8  9 |
---------------+----------------------------+-----
Axes           | 5 6 8 9 12 14 15 | 15.5
Invocations    | 6 11 12 | 12.6
Armour         | 3 5 |  5.8
Dodging        | 4 6 |  6.5
Fighting       | 4 6 |  6.8
Throwing       | |  1.7

Action                   |  1- 3 |  4- 6 |  7- 9 || total
-------------------------+-------+-------+-------++-------
Melee: War axe           |    19 |    48 |    15 ||    82
       Kick              |     5 |    14 |    18 ||    37
       Punch             |       |     1 |     2 ||     3
       Broad axe         |       |       |    57 ||    57
Throw: Throwing net      |       |       |     3 ||     3
Invok: Heroism           |       |     2 |     4 ||     6
       Finesse           |       |       |     1 ||     1
  Use: Potion            |     2 |     1 |     2 ||     5
 Stab: Held in net/web   |       |       |     2 ||     2
Armor: Leather armour    |     1 |       |       ||     1
       Scale mail        |       |    21 |     2 ||    23
       Plate armour      |       |       |    42 ||    42
Dodge: Dodged            |     9 |    19 |    20 ||    48

Table legend: (Time is in decaauts)
 A = Elapsed time spent in this place.
 B = Non-inter-level travel time spent in this place.
 C = Inter-level travel time spent in this place.
 D = Time resting spent in this place.
 E = Time spent auto-exploring this place.
 F = Levels seen in this place.
 G = Mean time per level.
                   A        B        C        D        E       F      G
               +--------+--------+--------+--------+--------+-----+--------+
         Total |   2167 |   2167 |      0 |   1686 |      0 |   1 | 2167.0 |
       Dungeon |   2167 |   2167 |      0 |   1686 |      0 |   1 | 2167.0 |
               +--------+--------+--------+--------+--------+-----+--------+

Top non-repeatable levels by time:
       D: 2167 daAuts
